 Dungeon Crawl Stone Soup version 0.24.0-13-gcf9b3192b9 (webtiles) character file.

Game seed: 17256841252366146759, levelgen mode: deterministic

119 syranez the Chopper (level 4, 0/41 HPs)
             Began as a Minotaur Berserker on Nov 7, 2019.
             Was a Follower of Trog.
             Slain by an orc wizard
             ... wielding a +0 dagger
              (2 damage)
             ... on level 4 of the Dungeon.
             The game lasted 00:01:00 (683 turns).

syranez the Chopper (Minotaur Berserker)             Turns: 683, Time: 00:01:00

Health: 0/41       AC:  5    Str: 22    XL:     4   Next: 73%
Magic:  3/3        EV: 11    Int:  4    God:    Trog [*.....]
Gold:   70         SH:  0    Dex: 10    Spells: 3/3 levels left

rFire    . . .     SeeInvis .   a - +0 hand axe
rCold    . . .     Gourm    .   (no shield)
rNeg     . . .     Faith    .   g - +0 ring mail
rPois    .         Spirit   .   (helmet restricted)
rElec    .         Reflect  .   (no cloak)
rCorr    .         Harm     .   (no gloves)
MR       .....                  (no boots)
Stlth    ..........             e - amulet of magic regeneration
HPRegen  0.13/turn              (no ring)
MPRegen  0.33/turn              (no ring)

@: lightly drained
A: retaliatory headbutt, horns 2
a: Berserk, Renounce Religion


You were on level 4 of the Dungeon.
You worshipped Trog.
Trog was aware of your devotion.
You were not hungry.

You visited 1 branch of the dungeon, and saw 4 of its levels.

You collected 70 gold pieces.

Inventory:

Hand Weapons
 a - a +0 hand axe (weapon)
Missiles
 f - 17 poisoned darts (quivered)
Armour
 b - a +0 animal skin
 g - a +0 ring mail (worn)
Jewellery
 e - an amulet of magic regeneration (around neck)
Scrolls
 d - 3 scrolls of identify {unknown}
 h - a scroll of noise {unknown}
 i - 3 scrolls of remove curse {unknown}
 j - 2 scrolls of magic mapping {unknown}
Potions
 k - a potion of flight {unknown}
Comestibles
 c - 4 rations


   Skills:
 + Level 4.4(4.1) Fighting
 * Level 5.0(4.8) Axes
 + Level 3.4(3.2) Armour
 + Level 3.1(2.8) Dodging


You had 3 spell levels left.
You didn't know any spells.
Your spell library was empty.

Dungeon Overview and Level Annotations

Branches:
Dungeon (4/15)
 Temple: D:4-7

Altars:


Innate Abilities, Weirdness & Mutations

You reflexively headbutt those who attack you in melee.
You have a pair of horns on your head.


Message History

The orc priest is heavily wounded.
You hit the orc wizard but do no damage.
You miss something. Something hits you. The orc priest hits you.
The orc wizard hits you but does no damage.
You closely miss the orc priest. Your headbutt misses the orc priest.
The orc priest is heavily wounded.
You miss something. You completely miss the orc wizard.
Something hits you but does no damage.
The orc priest invokes the aid of Beogh against you.
Pain shoots through your body!
* * * LOW HITPOINT WARNING * * *
You hear some strange, mumbled words.
A puff of frost appears from out of thin air!
The puff of frost hits you.
* * * LOW HITPOINT WARNING * * *
The orc wizard hits you but does no damage.
You hit the orc priest.
The orc priest is almost dead.
You miss the orc wizard. You hit something. Something hits you.
You die...

#.......'...........
##.###..#........#
#.#..†.+........+
#.#.#..#....†...##.#
#.#.#..#...........#
#...#..#........####
###........###.##
+....)...# .#
#....@o..# #
####o##### ... ....#
#..... #..... #....
#....


You could see an orc priest and an orc wizard.

Vanquished Creatures
  A howler monkey (D:4)
  A hound (D:4)
  A worker ant (D:4)
  3 orcs
  4 bats (D:1)
  2 giant cockroaches
  2 goblins
  8 hobgoblins
  A frilled lizard (D:1)
  3 rats
26 creatures vanquished.

Notes
Turn   | Place    | Note
-------+----------+-------------------------------------------
     0 | D:1      | syranez the Minotaur Berserker began the quest for the Orb.
     0 | D:1      | Reached XP level 1. HP: 19/19 MP: 0/0
   168 | D:1      | Reached XP level 2. HP: 27/27 MP: 1/1
   237 | D:1      | Reached skill level 4 in Axes
   629 | D:4      | Reached skill level 4 in Fighting
   629 | D:4      | Reached skill level 3 in Armour
   629 | D:4      | Reached XP level 3. HP: 33/33 MP: 2/2
   640 | D:4      | Reached XP level 4. HP: 37/40 MP: 3/3
   642 | D:4      | Reached skill level 5 in Axes
   642 | D:4      | Reached skill level 3 in Dodging
   682 | D:4      | HP: 2/41 [something/puff of frost (4)]
   683 | D:4      | Slain by an orc wizard

Levels and vault maps discovered:
D:1:      dpeg_arrival_solitude, layout_rooms
D:2:      layout_loops_corners
D:3:      layout_loops_ring, uniq_crazy_yiuf_cottage
D:4:      layout_basic, dancing_weapons_uskayaw, lemuel_crystal_altar,
          first_ration, gammafunk_ghost_icy, nicolae_qazlal_style_of_elements

Skill      XL: |  1  2  3  4 |
---------------+-------------+-----
Axes           | 4 5 |  5.0
Fighting       | 4 |  4.4
Armour         | 3 |  3.4
Dodging        | 3 |  3.1

Action                   |  1- 3 |  4- 6 || total
-------------------------+-------+-------++-------
Melee: Hand axe          |    45 |    11 ||    56
       Headbutt          |     7 |     1 ||     8
 Stab: Distracted        |     1 |       ||     1
Armor: Ring mail         |     9 |     6 ||    15
Dodge: Dodged            |    30 |     4 ||    34
